 Dungeon Crawl Stone Soup version 0.27-a0-262-gc50aac273e (webtiles) character file.

Game seed: 13412794015664831078

2257 Borgoz the Slasher (level 9, -3/75 HPs)
             Began as a Ghoul Gladiator on Feb 4, 2021.
             Was an Initiate of Dithmenos.
             Killed from afar by an orc wizard (11 damage)
             ... with a magic dart
             ... on level 8 of the Dungeon on Feb 5, 2021.
             The game lasted 00:08:42 (8907 turns).

Borgoz the Slasher (Ghoul Gladiator)                Turns: 8907, Time: 00:08:42

Health: -3/75      AC: 12    Str: 18    XL:     9   Next: 37%
Magic:  8/8        EV: 14    Int:  3    God:    Dithmenos [......]
Gold:   616        SH:  0    Dex: 13    Spells: 8/8 levels left

rFire    . . .     SeeInvis .   a - +0 long sword
rCold    + + .     Faith    .   (no shield)
rNeg     + + +     Spirit   .   H - +0 ring mail {rC+}
rPois    ∞         Reflect  .   u - +2 helmet
rElec    .         Harm     .   (no cloak)
rCorr    .         Rampage  .   r - +2 pair of gloves
Will     +....                  (no boots)
Stlth    ++........             (no amulet)
HPRegen  0.00/turn              f - ring of stealth
MPRegen  0.11/turn              z - ring of willpower

@: no status effects
A: claws 1, cold resistance 1, negative energy resistance 3, inhibited
regeneration, torment resistance, unbreathing
a: Renounce Religion


You were on level 8 of the Dungeon.
You worshipped Dithmenos.
Dithmenos was noncommittal.
You visited 2 branches of the dungeon, and saw 9 of its levels.
You also visited: Ossuary.

You collected 616 gold pieces.

Inventory:

Hand Weapons
 a - a +0 long sword (weapon)
Missiles
 d - a throwing net (quivered)
Armour
 r - a +2 pair of gloves (worn)
 u - a +2 helmet (worn)
 H - a +0 ring mail of cold resistance (worn)
Jewellery
 f - a ring of stealth (left hand)
 z - a ring of willpower (right hand)
Wands
 c - a wand of flame (12)
 w - a wand of paralysis (8)
 y - a wand of acid (10)
Scrolls
 i - 6 scrolls of blinking
 k - 3 scrolls of immolation {unknown}
 n - 2 scrolls of remove curse
 p - a scroll of enchant armour {unknown}
 s - 2 scrolls of magic mapping {unknown}
 t - a scroll of teleportation {unknown}
 v - a scroll of fear {unknown}
 A - a scroll of summoning {unknown}
 C - 2 scrolls of amnesia {unknown}
 D - a scroll of silence {unknown}
 E - a scroll of enchant weapon {unknown}
 F - a scroll of noise {unknown}
Potions
 b - a potion of berserk rage {unknown}
 e - 2 potions of heal wounds {unknown}
 g - 4 potions of flight {unknown}
 h - 2 potions of brilliance
 j - 2 potions of mutation {unknown}
 l - a potion of ambrosia {unknown}
 m - 3 potions of cancellation {unknown}
 o - 6 potions of curing {unknown}
 q - a potion of degeneration {unknown}
 x - a potion of magic {unknown}
 B - a potion of haste {unknown}
 G - a potion of resistance {unknown}


   Skills:
 + Level 5.7 Fighting
 * Level 6.8 Long Blades
 - Level 1.7 Throwing
 * Level 5.5 Armour
 * Level 6.3 Dodging


You had 8 spell levels left.
You didn't know any spells.
Your spell library contained the following spells:

 Spells                   Type           Power        Failure   Level
 Magic Dart               Conj           0%           71%         1
 Blink                    Tloc           N/A          83%         2
 Call Imp                 Summ           0%           83%         2
 Slow                     Hex            0%           83%         2
 Conjure Flame            Conj/Fire      0%           97%         3
 Mephitic Cloud           Conj/Pois/Air  0%           97%         3


Dungeon Overview and Level Annotations

Branches:
Dungeon (8/15)             Temple (1/1) D:7         Ossuary (visited)
   Lair: D:8-11

Altars:
Ashenzari
Cheibriados
Dithmenos
Elyvilon
Fedhas
Gozag
Hepliaklqana
Kikubaaqudgha
Makhleb
Nemelex Xobeh
Okawaru
Qazlal
Ru
Sif Muna
Trog
Uskayaw
Vehumet
Wu Jian
Xom
Yredelemnul
Zin
The Shining One

Shops:
D:8 }


Innate Abilities, Weirdness & Mutations

You thrive by killing the living.
You are immune to poison.
You have sharp fingernails.
Your flesh is cold resistant. (rC+)
You are immune to negative energy. (rN+++)
You do not regenerate when monsters are visible.
You are immune to unholy pain and torment.
You can survive without breathing.


Message History

You completely miss the orc priest.
The orc priest hits you but does no damage.
Something hits you but does no damage.
You closely miss the orc priest.
The orc warrior hits you but does no damage.
The orc priest looks encouraged for a moment.
You hear some strange, mumbled words.
A magic dart appears from out of thin air!
The magic dart hits you!
You hit the orc priest.
The orc priest is moderately wounded.
The orc priest mumbles some strange prayers to Beogh against you.
Beogh smites you!
* * * LOW HITPOINT WARNING * * *
The orc warrior hits you with a +0 mace!
* * * LOW HITPOINT WARNING * * *
You hear some strange, mumbled words.
A magic dart appears from out of thin air!
The magic dart hits you!
You die...

.#..##........#
.......
.#..#####.....# .#
##..##....._..#####.#
....................#
###..#>#............#
#..#.#.###.....##. #
#..#.#.# #.....# ..#
#..#.#.#
#.....##....#
###.)#.#.#
#....@o......
.....#.#.#
#####o{.....#
####.#.#.# #........
.....#.#.# #....$..#
######.# #######.#
###### # .....#
####.# #.#


You could see an orc warrior and an orc priest.

Vanquished Creatures
  A human (D:3)
  Duvessa (D:7)
  2 sky beasts
  A black bear (D:7)
  4 ogres
  2 centaurs
  2 phantoms (D:7)
  2 bullfrogs
  Dowan (D:7)
  A scorpion (D:4)
  3 wights (D:6)
  4 hounds
  2 jellies
  An iguana (D:5)
  4 orc wizards
  3 worker ants
  A killer bee zombie (D:5)
  2 big kobold zombies (Ossuary)
  A hound zombie (D:5)
  A hound skeleton (D:5)
  2 mummies (Ossuary)
  A worker ant zombie (D:6)
  10 adders
  A white imp (D:3)
  An ufetubus (D:6)
  An ooze (D:3)
  3 adder skeletons (D:4)
  4 worms
  4 dart slugs
  7 leopard geckos
  17 orcs
  5 bats
  5 giant cockroaches
  8 goblins
  7 hobgoblins
  5 jackals
  7 frilled lizards
  3 gnoll zombies (Ossuary)
  A goblin skeleton (D:3)
  3 goblin zombies (Ossuary)
  5 hobgoblin zombies (Ossuary)
  A jackal zombie (D:3)
  5 kobolds
  A leopard gecko zombie (D:8)
  An orc zombie (Ossuary)
  8 rats
155 creatures vanquished.

Notes
Turn   | Place    | Note
-------+----------+-------------------------------------------
     0 | D:1      | Borgoz the Ghoul Gladiator began the quest for the Orb.
     0 | D:1      | Reached XP level 1. HP: 17/17 MP: 0/0
    59 | D:1      | Reached XP level 2. HP: 14/25 MP: 1/1
   541 | D:1      | Reached XP level 3. HP: 24/30 MP: 2/2
  1187 | D:2      | Reached skill level 1 in Armour
  1550 | D:2      | Reached XP level 4. HP: 34/37 MP: 3/3
  1934 | D:3      | Noticed a human
  1940 | D:3      | Found a runed translucent door.
  1941 | D:3      | Found a basalt altar of Yredelemnul.
  2059 | D:3      | Reached XP level 5. HP: 34/45 MP: 4/4
  3000 | D:4      | Reached XP level 6. HP: 46/51 MP: 5/5
  3004 | D:4      | Found a sand-covered staircase.
  3009 | Ossuary  | Entered an ossuary
  4147 | D:4      | Reached XP level 7. HP: 58/58 MP: 6/6
  4957 | D:3      | Killed a human
  4958 | D:3      | Reached skill level 5 in Long Blades
  5101 | D:5      | Entered Level 5 of the Dungeon
  5215 | D:5      | Reached XP level 8. HP: 23/67 MP: 7/7
  5871 | D:5      | Found a stormy altar of Qazlal.
  6043 | D:5      | Reached skill level 5 in Dodging
  6738 | D:6      | Reached skill level 5 in Fighting
  7410 | D:7      | Noticed Dowan
  7424 | D:7      | Reached XP level 9. HP: 57/74 MP: 8/8
  7427 | D:7      | Noticed Duvessa
  7433 | D:7      | Reached skill level 5 in Armour
  7441 | D:7      | Killed Duvessa
  7448 | D:7      | Killed Dowan
  7453 | D:8      | Found Venacab's Gadget Emporium.
  8012 | D:7      | Found a staircase to the Ecumenical Temple.
  8512 | Temple   | Entered the Ecumenical Temple
  8544 | Temple   | Became a worshipper of Dithmenos the Shadowed
  8622 | D:8      | Found a blossoming altar of Fedhas.
  8694 | D:8      | Found an ancient bone altar of Kikubaaqudgha.
  8907 | D:8      | Killed from afar by an orc wizard

Illustrated notes

Levels and vault maps discovered:
D:1:      minmay_arrival_hallway, layout_basic
D:2:      layout_rooms, serial_glass, glass_columns_a, glass_columns_a,
          feat_on_display, minmay_strange_pillars, minmay_strange_pillars,
          item_on_display_a
D:3:      kennysheep_big_flooded_room, layout_rooms, kennysheep_small_spiral,
          dk_yredelemnul_ordeal
D:4:      layout_basic, enter_ossuary_2, kennysheep_generic_room_9
D:5:      layout_cave_pods, nicolae_qazlal_eye_of_the_storm
D:6:      layout_basic
D:7:      layout_cave_pools, minmay_temple_entry_fiery, uniq_duvessa
D:8:      minmay_chambers_of_sevens, layout_basic, fedhas_altar_2, basic_altar,
          serial_shops, shop, minivault_24, lemuel_another_geyser
Temple:   nicolae_temple_the_god_donut

Skill      XL: |  1  2  3  4  5  6  7  8  9 |
---------------+----------------------------+-----
Long Blades    | 3 4 5 6 |  6.8
Armour         | 1 2 3 4 5 |  5.5
Dodging        | 3 4 5 6 |  6.3
Fighting       | 3 4 5 |  5.7
Throwing       | |  1.7

Action                   |  1- 3 |  4- 6 |  7- 9 || total
-------------------------+-------+-------+-------++-------
Melee: Long sword        |    77 |   214 |   362 ||   653
Throw: Throwing net      |       |       |     4 ||     4
  Use: Scroll            |     3 |     4 |       ||     7
       Potion            |       |     1 |       ||     1
 Stab: Sleeping          |       |       |     3 ||     3
       Held in net/web   |       |       |     3 ||     3
Armor: Leather armour    |    19 |    67 |       ||    86
       Ring mail         |       |    12 |   172 ||   184
Dodge: Dodged            |    49 |   174 |   292 ||   515
       Rpst.: Long sword |    14 |    60 |    78 ||   152

Table legend: (Time is in decaauts)
 A = Elapsed time spent in this place.
 B = Non-inter-level travel time spent in this place.
 C = Inter-level travel time spent in this place.
 D = Time resting spent in this place.
 E = Time spent auto-exploring this place.
 F = Levels seen in this place.
 G = Mean time per level.
                   A        B        C        D        E       F      G
               +--------+--------+--------+--------+--------+-----+--------+
         Total |   9006 |   8660 |    346 |   2488 |   4700 |  10 |  900.6 |
       Dungeon |   8503 |   8157 |    346 |   2182 |   4678 |   8 | 1062.9 |
        Temple |     63 |     63 |      0 |      0 |     22 |   1 |   63.0 |
       Ossuary |    439 |    439 |      0 |    306 |      0 |   1 |  439.0 |
               +--------+--------+--------+--------+--------+-----+--------+

Top non-repeatable levels by time:
     D:4: 1529 daAuts
     D:3: 1319 daAuts
     D:5: 1133 daAuts
     D:7: 1072 daAuts
     D:6: 1020 daAuts
     D:1: 1008 daAuts
     D:2: 872 daAuts
     D:8: 547 daAuts
 Ossuary: 439 daAuts
  Temple: 63 daAuts
